 Dungeon Crawl Stone Soup version 0.26-a0-1107-g6118521029 (webtiles) character file.

Game seed: 7865023717836491386

139 vvl the Ruffian (level 5, -1/53 HPs)
             Began as a Troll Monk on Dec 16, 2020.
             Blown up by Ijyb (8 damage)
             ... with a disintegration bolt
             ... on level 3 of the Dungeon.
             The game lasted 00:09:16 (2013 turns).

vvl the Ruffian (Troll Monk)                        Turns: 2013, Time: 00:09:17

Health: -1/53      AC:  8    Str: 19    XL:     5   Next: 1%
Magic:  4/4        EV: 11    Int:  7    God:
Gold:   154        SH:  0    Dex: 12    Spells: 4/4 levels left

rFire    . . .     SeeInvis .     - Unarmed
rCold    . . .     Faith    .   (no shield)
rNeg     . . .     Spirit   .   a - +0 robe
rPois    .         Reflect  .   (helmet restricted)
rElec    .         Harm     .   p - +1 cloak
rCorr    .         Rampage  .   (gloves unavailable)
Will     .....                  (boots unavailable)
Stlth    ++........             (no amulet)
HPRegen  0.57/turn              (no ring)
MPRegen  0.09/turn              (no ring)

@: no status effects
A: large, unfitting armour, claws 3, regeneration 1, shaggy fur 1, tough skin 3
a: no special abilities


You were on level 3 of the Dungeon.
You visited 1 branch of the dungeon, and saw 3 of its levels.

You collected 154 gold pieces.

Inventory:

Hand Weapons
 b - a cursed -3 dagger
 f - a +0 short sword of speed
 n - a +0 mace of draining
 o - a +3 quarterstaff of chaos
Armour
 a - a +0 robe (worn)
 p - a +1 cloak (worn)
Jewellery
 s - a +6 ring of strength {unknown}
Scrolls
 c - 6 scrolls of identify
 h - a scroll of enchant weapon {unknown}
 i - a scroll of noise {unknown}
 j - 5 scrolls of remove curse
 k - a scroll of random uselessness {unknown}
 l - a scroll of fear {unknown}
 q - a scroll of amnesia {unknown}
 r - a scroll of enchant armour {unknown}
Potions
 d - a potion of brilliance {unknown}
 e - a potion of invisibility {unknown}
 g - 2 potions of might
 m - a potion of curing {unknown}
 t - a potion of attraction {unknown}


   Skills:
 + Level 3.0 Fighting
 + Level 3.2 Dodging
 - Level 1.0 Stealth
 + Level 4.6 Unarmed Combat


You had 4 spell levels left.
You didn't know any spells.
Your spell library was empty.

Dungeon Overview and Level Annotations

Branches:
Dungeon (3/15)

Altars:
Hepliaklqana
Sif Muna
Xom

Annotations:
D:3 Ijyb


Innate Abilities, Weirdness & Mutations

You are too large for most types of armour.
You have claws for hands.
Your natural rate of healing is unusually fast.
You are covered in fur. (AC +1)
You have extremely tough skin. (AC +3)


Message History

The rat bites you but does no damage.
You scratch the rat.
You kill the rat!
A hobgoblin comes into view. It is wielding a +0 club.
A hobgoblin is nearby!
Ijyb the Twisted Goblin comes into view.
She is carrying a wand of disintegration (8).
Ijyb shouts!
Ijyb screams, "I dance on your bones!"
Found a scroll labelled OMASONL MITA.
You scratch Ijyb. Your claw misses Ijyb.
Ijyb is lightly wounded.
Ijyb zaps a wand.
You are blasted!
You barely miss Ijyb.
Ijyb is lightly wounded.
Ijyb zaps a wand.
You are blasted!
Ouch! That really hurt!
* * * LOW HITPOINT WARNING * * *
The hobgoblin shouts!
You hear a shout!
You hear an angry hiss.
Ijyb zaps a wand.
You are blasted!
You die...

#.# #.. #.# #.# #.
###.###.##...
#....#g......
#?###........ .
#.######. #. #g#
#. #.# # .# #. #@#
#..#######. #.#
#..........
#.#######.###.#.#.
#.........##.###..
######...##.## ##.
#.....## ##
#...##.## ##.
##.####.###.# #.#
##.#.##


You could see Ijyb and a hobgoblin.

Vanquished Creatures
  Crazy Yiuf (D:2)
  Natasha (twice) (D:3)
  An adder (D:2)
  A worm (D:3)
  3 leopard geckos (D:2)
  2 ball pythons
  5 bats
  4 giant cockroaches
  7 goblins
  2 hobgoblins
  A quokka (D:3)
  4 frilled lizards
  8 kobolds
  6 rats
47 creatures vanquished.

Notes
Turn   | Place    | Note
-------+----------+-------------------------------------------
     0 | D:1      | vvl the Troll Monk began the quest for the Orb.
     0 | D:1      | Reached XP level 1. HP: 22/22 MP: 0/0
   186 | D:1      | Reached XP level 2. HP: 29/29 MP: 1/1
   740 | D:2      | Found a shimmering blue altar of Sif Muna.
   973 | D:2      | Reached XP level 3. HP: 36/36 MP: 2/2
  1638 | D:2      | Found a runed translucent door.
  1639 | D:2      | Noticed Crazy Yiuf
  1644 | D:2      | Killed Crazy Yiuf
  1645 | D:2      | Reached skill level 4 in Unarmed Combat
  1645 | D:2      | Reached XP level 4. HP: 44/44 MP: 3/3
  1690 | D:3      | Noticed Natasha
  1697 | D:3      | Killed Natasha
  1819 | D:3      | Found a hazy altar of Hepliaklqana.
  1875 | D:3      | Found a shimmering altar of Xom.
  1951 | D:3      | Noticed Natasha
  1956 | D:3      | Killed Natasha
  1957 | D:3      | Reached XP level 5. HP: 53/53 MP: 4/4
  2005 | D:3      | Noticed Ijyb
  2013 | D:3      | Blown up by Ijyb

Illustrated notes

Levels and vault maps discovered:
D:1:      dpeg_arrival_round_a, layout_loops_ring
D:2:      minmay_chambers_of_twos, layout_basic, nicolae_overflow_crystal_walls,
          uniq_crazy_yiuf_cottage
D:3:      layout_loops_ring, general_overflow_altar, lemuel_doored_altar,
          lemuel_round_altar, st_stairs_8, uniq_natasha, uniq_ijyb

Skill      XL: |  1  2  3  4 |
---------------+-------------+-----
Dodging        | 3 |  3.2
Unarmed Combat | 4 |  4.6
Fighting       | 3 |  3.0
Stealth        | |  1.0

Action                   |  1- 3 |  4- 6 || total
-------------------------+-------+-------++-------
Melee: Unarmed           |    89 |    33 ||   122
       Punch             |     3 |       ||     3
  Use: Scroll            |       |     2 ||     2
 Stab: Sleeping          |     2 |       ||     2
Armor: Robe              |    37 |    15 ||    52
Dodge: Dodged            |    53 |    10 ||    63

Table legend: (Time is in decaauts)
 A = Elapsed time spent in this place.
 B = Non-inter-level travel time spent in this place.
 C = Inter-level travel time spent in this place.
 D = Time resting spent in this place.
 E = Time spent auto-exploring this place.
 F = Levels seen in this place.
 G = Mean time per level.
                   A        B        C        D        E       F      G
               +--------+--------+--------+--------+--------+-----+--------+
         Total |   2015 |   1857 |    158 |      0 |   1511 |   3 |  671.7 |
       Dungeon |   2015 |   1857 |    158 |      0 |   1511 |   3 |  671.7 |
               +--------+--------+--------+--------+--------+-----+--------+

Top non-repeatable levels by time:
     D:2: 968 daAuts
     D:1: 715 daAuts
     D:3: 331 daAuts
